 Dungeon Crawl Stone Soup version 0.30-a0-772-g5528072125 (webtiles) character file.

Game seed: 13205616830629589508

73824 arthad the Summoner (level 15, 0/69 HPs)
             Began as a Felid Summoner on Feb 12, 2023.
             Was an Initiate of Gozag.
             Slain by a bunyip (31 damage)
             ... on level 1 of the Swamp.
             The game lasted 02:07:51 (34322 turns).

arthad the Summoner (Felid Summoner)               Turns: 34322, Time: 02:07:52

Health: 0/69       AC:  3    Str:  4    XL:     15   Next: 5%
Magic:  3/31       EV: 26    Int: 30    God:    Gozag
Gold:   3067       SH:  0    Dex: 17    Spells: 1/36 levels left
                                        Lives:  0   Deaths: 4

rFire   . . .      SeeInvis +      - Unarmed
rCold   + . .      Faith    .    (shield unavailable)
rNeg    . . .      Spirit   .    (body armour unavailable)
rPois   .          Reflect  .    (helmet unavailable)
rElec   .          Harm     .    (cloak unavailable)
rCorr   .          Rampage  .    (gloves unavailable)
Will    ++...                    (boots unavailable)
Stlth   +                        R - amulet of magic regeneration
HPRegen 0.31/turn                D - ring of wizardry
MPRegen 0.62/turn                q - +6 ring of intelligence

@: marked, very slightly contaminated, very slow
A: very small, claws 1, fangs 3, see invisible, speed 1, shaggy fur 3, stealthy
paws, no weapons or thrown items, no armour, multi-lived
a: Renounce Religion, Potion Petition, Call Merchant, Bribe Branch


You were on level 1 of the Swamp.
You worshipped Gozag.
Gozag was most pleased with you.
You visited 5 branches of the dungeon, and saw 24 of its levels.

You collected 7133 gold pieces.
You spent 1519 gold pieces at shops.
You paid 2547 gold pieces to Gozag.

Inventory:

Jewellery
 b - a ring of poison resistance
 h - a ring of magical power
 p - an amulet of regeneration
 q - a +6 ring of intelligence (right paw)
 u - a ring of resist corrosion
 D - a ring of wizardry (left paw)
 J - a ring of protection from fire
 P - an amulet of the acrobat
 Q - a ring of protection from cold
 R - an amulet of magic regeneration (around neck)
 S - a ring of fire
 Y - an amulet of guardian spirit
Wands
 z - a wand of polymorph (2)
 C - a wand of flame (42)
 F - a wand of iceblast (9)
 N - a wand of paralysis (9)
 T - a wand of light (1)
Scrolls
 c - 3 scrolls of identify
 e - 4 scrolls of amnesia
 i - 5 scrolls of teleportation
 k - 5 scrolls of fear
 s - 4 scrolls of immolation
 v - a scroll of brand weapon
 y - 5 scrolls of enchant armour
 A - 2 scrolls of butterflies
 B - 5 scrolls of blinking
 G - 4 scrolls of vulnerability
 H - 4 scrolls of fog
 M - 4 scrolls of magic mapping
 O - a scroll of torment {unknown}
 U - 2 scrolls of enchant weapon {unknown}
 W - 5 scrolls of poison
 X - a scroll of silence {unknown}
Potions
 a - 2 potions of magic
 d - 6 potions of heal wounds
 f - 4 potions of attraction
 g - 3 potions of resistance
 j - 4 potions of brilliance
 l - 11 potions of curing
 m - 2 potions of berserk rage
 n - 10 potions of might
 o - 5 potions of cancellation
 r - 6 potions of lignification
 t - 5 potions of mutation
 x - 3 potions of flight
 E - 2 potions of invisibility
 K - 2 potions of ambrosia
 L - 2 potions of haste
Miscellaneous
 I - a phantom mirror (inert)


   Skills:
 + Level 9.8 Fighting
 + Level 12.8 Dodging
 - Level 2.6 Stealth
 + Level 9.7 Unarmed Combat
 * Level 11.4 Spellcasting
 - Level 10.0 Hexes
 * Level 14.5 Summonings
 + Level 11.3 Translocations
 - Level 10.0 Air Magic
 - Level 5.0 Evocations


You had one spell level left.
You knew the following spells:

 Your Spells              Type           Power      Damage    Failure   Level
a - Monstrous Menagerie   Summ           40%        N/A       2%          7
b - Manifold Assault      Tloc           71%        N/A       1%          4
c - Call Canine Familiar  Summ           81%        N/A       0%          3
d - Summon Guardian Gole  Hex/Summ       74%        N/A       1%          3
e - Summon Lightning Spi  Summ/Air       74%        N/A       1%          4
f - Blink                 Tloc           100%       N/A       1%          2
g - Summon Mana Viper     Hex/Summ       74%        N/A       1%          5
h - Summon Ice Beast      Ice/Summ       57%        N/A       1%          4
i - Tukima's Dance        Hex            67%        N/A       1%          3

Your spell library contained the following spells:

 Spells                   Type           Power      Damage    Failure   Level
 Summon Small Mammal      Summ           100%       N/A       0%          1
 Kiss of Death            Conj/Necr      68%        2d10      1%          1
 Magic Dart               Conj           68%        1d6       1%          1
 Shock                    Conj/Air       100%       1d9       1%          1
 Sting                    Tmut/Pois      68%        1d6       1%          1
 Call Imp                 Summ           81%        N/A       0%          2
 Cigotuvi's Dreadful Rot  Necr/Pois/Air  74%        N/A       1%          2
 Lesser Beckoning         Tloc           100%       N/A       1%          2
 Momentum Strike          Conj/Tloc      100%       3d10      1%          2
 Poisonous Vapours        Pois/Air       94%        N/A       1%          2
 Confusing Touch          Hex            67%        N/A       1%          3
 Dazzling Flash           Conj/Hex       94%        N/A       1%          3
 Gell's Gravitas          Tloc           71%        N/A       1%          3
 Mephitic Cloud           Conj/Pois/Air  37%        N/A       1%          3
 Swiftness                Air            67%        N/A       1%          3
 Teleport Other           Tloc           71%        N/A       1%          3
 Airstrike                Air            33%        2d(5-21)  1%          4
 Silence                  Hex/Air        33%        N/A       1%          5
 Dispersal                Tloc           35%        N/A       1%          6
 Dispel Undead            Necr           17%        3d10      12%         4
 Olgreb's Toxic Radiance  Pois           17%        N/A       12%         4
 Agony                    Necr           17%        N/A       32%         5
 Blade Hands              Tmut           8%         N/A       32%         5
 Disjunction              Tloc           35%        N/A       56%         8
 Death Channel            Necr           8%         N/A       86%         6
 Ozocubu's Refrigeration  Ice            8%         4d9       100%        7
 Ignition                 Fire           8%         3d5       100%        8
 Portal Projectile        Hex/Tloc       Unusable   N/A       N/A         3

Dungeon Overview and Level Annotations

Branches:
Dungeon (15/15)            Temple (1/1) D:7            Lair (5/5) D:11
  Swamp (1/4) Lair:3       Spider (0/4) Lair:2        Slime (0/5) Lair:5
    Orc (2/2) D:12            Elf (0/3) Orc:2        Vaults (0/5) D:13
 Depths (0/4) D:15

Altars:
Ashenzari
Cheibriados
Dithmenos
Elyvilon
Fedhas
Gozag
Hepliaklqana
Kikubaaqudgha
Makhleb
Nemelex Xobeh
Okawaru
Qazlal
Ru
Sif Muna
Trog
Uskayaw
Vehumet
Wu Jian
Xom
Yredelemnul
Zin
The Shining One
Jiyva

Shops:
D:1 =   D:6 [   D:7 ?   D:8 *:=   D:9 [   D:14 *   D:15 (   Orc:1 !
Orc:2 *=[(   Lair:2 =   Lair:3 :   Lair:5 =

Annotations:
D:15 3 runed translucent doors, Assoc's ghost, adept DEFE


Innate Abilities, Weirdness & Mutations

You have sharp claws.
You have razor-sharp teeth.
You have supernaturally acute eyesight. (SInv)
You cover ground quickly. (Speed+)
Your thick and shaggy fur keeps you warm. (AC +3, rC+)
Your paws help you pounce on unaware monsters.
You are incapable of wielding weapons or throwing items.
You cannot wear armour.
You gain extra lives every three experience levels.


Message History

The nameless horror is blinded.
The bunyip gives a hideous shriek!
The bunyip is engulfed in a cloud of scalding steam.
A swamp worm comes into view.
The foxfire hits your ice beast!!!
Your ice beast melts!
Your ice beast dies!
Your ice beast disappears in a puff of smoke!
The will-o-the-wisp gestures.
The will-o-the-wisp conjures some foxfire!
The bunyip is engulfed in a cloud of scalding steam.
The nameless horror completely misses you. 2 foxfires come into view.
You catch the helpless nameless horror completely off-guard!
You mangle the nameless horror!!
You destroy the nameless horror!
That felt strangely unrewarding.
Your spriggan druid is no longer distracted by gold.
The foxfire hits you!!
The swamp worm fires a harpoon shot at you.
The harpoon shot hits you.
You are yanked forward by the harpoon shot.
Splash!
You fall into the shallow water.
Moving in this stuff is going to be slow.
A tyrant leech comes into view.
The eleionoma hurls a spray of splinters at you.
The spray of wooden splinters misses you.
The alligator is engulfed in blazing flames.
The alligator completely misses you. The alligator misses you.
Your spriggan druid barely misses the spriggan druid.
The foxfire hits you!
* * * LOW HITPOINT WARNING * * *
Found 18 gold pieces.
You feel much better.
The bunyip is no longer distracted by gold.
The swamp worm barely misses you. The bunyip completely misses you.
The bunyip closely misses you. The bunyip claws you!!
You die...
Your body crumbles into a pile of gold.

~~~...~~~~~~~~~~~~~~~~~
.~~~.....~~~~..~~~~§~~~~
.~~§...♣.....~~.~~~~~~~~
§~~..§i♣♣~♣~♣♣♣..~..♣♣..
~...~..i....♣♣~.....♣♣.~
........t§~8~♣♣....♣♣♣.~
.~w§§$..§~~.~♣♣..~.~♣♣♣§
~~§~§§t§.♣♣.♣♣ ♣~~~.♣ ♣.
~§~~~vR@♣♣♣♣♣ ♣~.♣♣ ♣♣
~~~~§vwx♣ ~~~~§§§§♣ ♣
~~~..~♣♣. ♣ ♣~..♣. ~ ♣
♣♣♣♣♣. .~ ♣ ~ .§ ♣ ♣ $..


You could see a bunyip, an eleionoma, 2 alligators, a tyrant leech, a spriggan
druid (ally target), a will-o-the-wisp, a swamp worm, a friendly spriggan druid
(summoned, drained) and a friendly lightning spire (summoned).

Vanquished Creatures
  A death knight (D:15)
  An orc knight (Orc:2)
  An oklob plant (D:11)
  An unseen horror (D:12)
  4 nameless horrors
  A blink frog (Lair:4)
  2 yaks
  2 orc warriors (Orc:2)
  4 electric eels
  An iguana (D:5)
  3 orcs (Orc:2)
  2 bats
  2 hobgoblins (D:1)
  3 jackals (D:1)
28 creatures vanquished.

Vanquished Creatures (collateral kills)
  A thorn hunter (Swamp:1)
  An orc warlord (Orc:2)
  An eleionoma (Swamp:1)
  A bunyip (Swamp:1)
  An ettin (D:15)
  A ghost crab (Lair:3)
  Erolcha (D:9)
  A vault guard (D:13)
  11 hydras
  A catoblepas (D:13)
  6 centaur warriors
  3 boulder beetles
  An alligator (Swamp:1)
  6 tengu warriors
  6 two-headed ogres
  5 orc high priests
  7 death yaks
  2 spriggans (Swamp:1)
  A skeletal warrior (D:15)
  A goliath frog (Swamp:1)
  4 skysharks
  A deep troll (D:15)
  A phantasmal warrior (D:15)
  2 wizards (D:15)
  A spectral hydra (Lair:3)
  4 orc knights
  A deep elf pyromancer (D:12)
  An ugly thing (D:13)
  2 wolf spiders (Lair:5)
  5 orc sorcerers (Orc:2)
  4 oklob plants
  2 cyclopes
  2 manticores
  Maurice (Orc:2)
  8 black mambas
  7 elephants
  A molten gargoyle (Lair:5)
  10 cane toads
  7 rime drakes
  2 gargoyles
  Psyche (D:10)
  An unseen horror (D:12)
  An efreet (D:14)
  2 freezing wraiths (D:15)
  3 tengu conjurers
  7 komodo dragons
  3 tyrant leeches (Swamp:1)
  4 polar bears
  5 trolls
  5 hornets
  Prince Ribbit (D:7)
  A spectral lindwurm (Lair:3)
  Grinder (D:3)
  15 blink frogs
  16 slime creatures
  Sigmund (D:2)
  4 wraiths
  A shadow (D:10)
  11 wyverns
  3 steam dragons
  42 yaks
  4 basilisks
  3 redbacks (Lair:5)
  Menkaure (D:6)
  4 vampire mosquitoes (D:15)
  6 wargs
  2 swamp worms (Swamp:1)
  26 water moccasins
  3 swamp drakes (Swamp:1)
  A floating eye (Lair:4)
  2 ice beasts (D:8)
  A spectral torpor snail (Lair:3)
  26 orc warriors
  A sky beast (shapeshifter) (D:15)
  4 ogres
  9 centaurs
  3 wolves (Lair:1)
  A spectral basilisk (Lair:3)
  2 phantoms
  2 kobold brigands
  8 bullfrogs
  2 scorpions (D:5)
  2 necrophages
  4 wights (D:9)
  2 electric eels (Lair:1)
  3 vampire bats (D:6)
  6 howler monkeys
  2 lava snakes (Lair:5)
  9 orc priests
  4 hounds
  3 iguanas
  25 orc wizards
  4 gnolls (D:2)
  7 adders
  A white imp (D:6)
  A worm (D:2)
  3 dart slugs
  65 orcs
  10 ball pythons
  7 endoplasms
  7 goblins
  5 hobgoblins
  A jackal (D:1)
  6 quokkas (D:1)
  13 bats
  7 frilled lizards
  21 kobolds
  2 rats (D:1)
583 creatures vanquished.

Vanquished Creatures (others)
  Josephine (D:10)
  2 hydras
  3 death yaks
  A wizard (D:15)
  2 elephants (Lair:4)
  A black mamba (Lair:1)
  A cane toad (Lair:5)
  A komodo dragon (Lair:4)
  A troll (D:11)
  2 blink frogs
  3 wraiths (D:10)
  3 slime creatures (D:12)
  12 yaks
  A steam dragon (D:7)
  A spectral polar bear (Lair:3)
  4 orc warriors
  An ogre (D:4)
  2 black bears
  2 centaurs
  A kobold brigand (D:6)
  2 scorpions (D:4)
  A wight (D:6)
  An orc priest (D:5)
  2 iguanas
  3 orc wizards
  An adder (D:6)
  9 orcs
  An endoplasm (D:4)
  A kobold (D:6)
  A quokka (D:4)
  2 bushes (Lair:5)
  3 foxfires (Swamp:1)
  69 fungi
  79 plants
220 creatures vanquished.

Grand Total: 831 creatures vanquished

Notes
Turn   | Place    | Note
-------+----------+-------------------------------------------
     0 | D:1      | arthad the Felid Summoner began the quest for the Orb.
     0 | D:1      | Reached XP level 1. HP: 7/7 MP: 4/4
   135 | D:1      | Reached XP level 2. HP: 11/11 MP: 0/6
   239 | D:1      | Learned a level 2 spell: Call Imp
   455 | D:1      | Found Enofomol's Jewellery Boutique.
   758 | D:1      | Reached skill level 5 in Summonings
   775 | D:1      | Reached XP level 3. HP: 14/14 MP: 2/7
  1210 | D:1      | Learned a level 3 spell: Call Canine Familiar
  1491 | D:2      | Found a faded altar of an unknown god.
  1498 | D:2      | Reached skill level 1 in Hexes
  1530 | D:2      | Reached XP level 4. HP: 18/18 MP: 5/8
  1574 | D:2      | Noticed Sigmund
  1592 | D:2      | Killed Sigmund
  1593 | D:2      | Reached XP level 5. HP: 21/21 MP: 1/10
  1907 | D:2      | Reached skill level 6 in Summonings
  1924 | D:2      | Gained mutation: You are covered in thick fur. (AC +2)
                  | [Felid growth]
  1924 | D:2      | Reached XP level 6. HP: 22/24 MP: 6/11
  2021 | D:2      | Learned a level 3 spell: Summon Guardian Golem
  2938 | D:3      | Noticed Grinder
  2975 | D:3      | Killed Grinder
  2976 | D:3      | Reached skill level 1 in Fighting
  2976 | D:3      | Reached skill level 1 in Unarmed Combat
  3604 | D:4      | Reached skill level 1 in Air Magic
  3668 | D:4      | Reached XP level 7. HP: 28/28 MP: 6/13
  4613 | D:4      | Reached skill level 5 in Hexes
  4916 | D:5      | Entered Level 5 of the Dungeon
  4945 | D:5      | Killed by an exploding themself... ignited by their inner
                  | flame
  4946 | D:5      | Reached XP level 6. HP: -20/26 MP: 8/13
  4967 | D:5      | Reached XP level 7. HP: 27/30 MP: 3/14
  5199 | D:5      | Learned a level 4 spell: Summon Lightning Spire
  5832 | D:6      | Reached skill level 5 in Dodging
  5832 | D:6      | Reached skill level 7 in Summonings
  5969 | D:6      | Found Hilef's Armour Shoppe.
  5972 | D:6      | Reached XP level 8. HP: 32/34 MP: 1/15
  6235 | D:6      | Noticed Menkaure
  6250 | D:6      | Killed Menkaure
  7200 | D:7      | Found The Oracle's Delphic Readings.
  7204 | D:7      | Upgraded the game from 0.30-a0-760-g5a9884bb7c to
                  | 0.30-a0-772-g5528072125
  7207 | D:7      | Bought a scroll of teleportation for 39 gold pieces
  7207 | D:7      | Bought a book of Spatial Translocations for 234 gold pieces
  7207 | D:7      | Bought a scroll of fear for 52 gold pieces
  7207 | D:7      | Bought a scroll of noise for 13 gold pieces
  7216 | D:7      | Learned a level 2 spell: Blink
  7315 | D:7      | Found a staircase to the Ecumenical Temple.
  7325 | Temple   | Entered the Ecumenical Temple
  7773 | D:7      | Reached skill level 1 in Translocations
  7773 | D:7      | Reached XP level 9. HP: 27/39 MP: 13/17
  7844 | D:7      | Noticed Prince Ribbit
  7874 | D:7      | Reached skill level 5 in Spellcasting
  7894 | D:7      | Killed Prince Ribbit
  7895 | D:7      | Reached skill level 8 in Summonings
  8214 | D:7      | Found an opulent altar of Gozag.
  8214 | D:7      | Found a glowing silver altar of Zin.
  8215 | D:7      | Found a hazy altar of Hepliaklqana.
  8218 | D:7      | Found a white marble altar of Elyvilon.
  8819 | D:8      | Reached skill level 5 in Air Magic
  9234 | D:8      | Found Wumpin's Jewellery Shop.
  9236 | D:8      | Found Neli's Assorted Antiques.
  9236 | D:8      | Found Sogganol's Book Shoppe.
  9373 | D:7      | Became a worshipper of Gozag Ym Sagoz the Greedy
  9649 | D:8      | Reached XP level 10. HP: 43/43 MP: 12/19
 10307 | D:8      | Bought a bubbling puce potion for 28 gold pieces
 10478 | D:9      | Found Difesky's Armour Emporium.
 10685 | D:9      | Noticed Erolcha
 10695 | D:9      | Killed Erolcha
 10696 | D:9      | Reached skill level 9 in Summonings
 10923 | D:9      | Identified the +0 ring mail "Ocrugeab" {rC+ rCorr}
 11048 | D:9      | Reached skill level 5 in Fighting
 11103 | D:9      | Reached skill level 5 in Unarmed Combat
 11978 | D:10     | Entered Level 10 of the Dungeon
 12039 | D:10     | Reached skill level 5 in Translocations
 12450 | D:10     | Reached XP level 11. HP: 43/48 MP: 5/21
 12580 | D:10     | Noticed Josephine
 12587 | D:10     | Found a broken altar of Ashenzari.
 12634 | D:10     | Noticed Psyche
 12644 | D:10     | Killed Psyche
 12809 | D:10     | Killed Josephine
 12810 | D:10     | Reached skill level 10 in Summonings
 13285 | D:11     | Noticed a two-headed ogre
 13293 | D:11     | Killed a two-headed ogre
 13534 | D:11     | Noticed an oklob plant
 13693 | D:11     | Noticed a boulder beetle
 14145 | D:11     | Killed a boulder beetle
 14264 | D:11     | Found a staircase to the Lair.
 14842 | D:11     | Killed an oklob plant
 15004 | D:12     | Reached skill level 1 in Evocations
 15006 | D:12     | Mangled by a large slime creature
 15007 | D:12     | Reached XP level 10. HP: -11/45 MP: 0/21
 15061 | D:12     | Noticed a two-headed ogre
 15070 | D:12     | Killed a two-headed ogre
 15124 | D:12     | Noticed a deep elf pyromancer
 15149 | D:12     | Killed a deep elf pyromancer
 15150 | D:12     | Reached XP level 11. HP: 37/49 MP: 3/22
 15471 | D:12     | Found a staircase to the Orcish Mines.
 16154 | D:8      | Bought a book of Beasts for 456 gold pieces
 16160 | D:8      | Learned a level 5 spell: Summon Mana Viper
 16263 | D:13     | Noticed a centaur warrior
 16267 | D:13     | Killed a centaur warrior
 16376 | D:13     | Learned a level 4 spell: Summon Ice Beast
 16403 | D:13     | Noticed a centaur warrior
 16409 | D:13     | Shot with an arrow by a centaur warrior
 16410 | D:13     | Reached XP level 10. HP: -15/46 MP: 7/21
 16411 | D:13     | Found a gate to the Vaults.
 16411 | D:13     | Noticed a vault guard
 16469 | Lair:1   | Entered Level 1 of the Lair of Beasts
 16630 | Lair:1   | HP: 2/46 [electric eel/bolt of electricity (9)]
 16849 | Lair:1   | Reached skill level 11 in Summonings
 16974 | Lair:1   | Noticed a black mamba
 16980 | Lair:1   | Killed a black mamba
 17322 | Lair:1   | Noticed a black mamba
 17331 | Lair:1   | Killed a black mamba
 17472 | Lair:1   | Identified the +7 war axe "Bonoicse" {speed, rF+ Will++}
 17930 | Lair:1   | Reached XP level 11. HP: 49/49 MP: 4/22
 18675 | Lair:2   | Noticed a skyshark
 18682 | Lair:2   | Killed a skyshark
 18901 | Lair:2   | Found a hole to the Spider Nest.
 19112 | Lair:2   | Identified the +0 robe "Igipasy" {rElec}
 20359 | Lair:3   | Noticed a skyshark
 20369 | Lair:3   | Killed a skyshark
 20493 | Lair:3   | Noticed an eight-headed hydra
 20501 | Lair:3   | Killed an eight-headed hydra
 20512 | Lair:3   | Reached skill level 10 in Dodging
 20537 | Lair:3   | Noticed a four-headed hydra
 20672 | Lair:3   | Killed a four-headed hydra
 21039 | Lair:3   | Noticed an oklob plant
 21101 | Lair:3   | Gained mutation: Your thick and shaggy fur keeps you warm.
                  | (AC +3, rC+) [Felid growth]
 21101 | Lair:3   | Reached XP level 12. HP: 45/54 MP: 5/24
 21199 | Lair:3   | Noticed a ghost crab
 21215 | Lair:3   | Killed a ghost crab
 21410 | Lair:3   | Found a staircase to the Swamp.
 22033 | Lair:4   | Noticed a death yak
 22043 | Lair:4   | Killed a death yak
 22143 | Lair:4   | Noticed a death yak
 22151 | Lair:4   | Noticed a seven-headed hydra
 22153 | Lair:4   | Noticed a death yak
 22156 | Lair:4   | Killed a death yak
 22156 | Lair:4   | Noticed a death yak
 22164 | Lair:4   | Killed a death yak
 22169 | Lair:4   | Killed a seven-headed hydra
 22170 | Lair:4   | Reached skill level 12 in Summonings
 22606 | Lair:4   | Identified the +5 ring mail of the Cooper {Dex+3}
 22909 | Lair:4   | Noticed a six-headed hydra
 22914 | Lair:4   | Killed a six-headed hydra
 23502 | Lair:4   | Killed a death yak
 23503 | Lair:4   | Reached XP level 13. HP: 58/58 MP: 10/26
 23963 | Lair:5   | Entered Level 5 of the Lair of Beasts
 24706 | Lair:5   | Reached skill level 10 in Air Magic
 24706 | Lair:5   | Reached skill level 5 in Evocations
 25190 | Lair:5   | Found a viscous altar of Jiyva.
 25192 | Lair:5   | Found a staircase to the Slime Pits.
 25279 | Lair:5   | Paralysed by a hornet for 3 turns
 27246 | Lair:5   | Reached skill level 13 in Summonings
 27246 | Lair:5   | Reached XP level 14. HP: 63/63 MP: 10/28
 27616 | Lair:5   | Demolished by a cane toad
 27617 | Lair:5   | Reached XP level 13. HP: -14/59 MP: 10/27
 28438 | Lair:5   | Bought an amulet of magic regeneration for 480 gold pieces
 28546 | Lair:3   | Learned a level 7 spell: Monstrous Menagerie
 28631 | Orc:1    | Entered Level 1 of the Orcish Mines
 29230 | Orc:1    | Found Hotsa's Distillery.
 29342 | Orc:2    | Entered Level 2 of the Orcish Mines
 29344 | Orc:2    | Found Gunk's Antique Weapon Emporium.
 29376 | Orc:2    | Noticed Maurice
 29381 | Orc:2    | Noticed an orc warlord
 29395 | Orc:2    | Reached skill level 10 in Spellcasting
 29421 | Orc:2    | Killed Maurice
 29577 | Orc:2    | Found Bovuam's Antique Armour Emporium.
 29610 | Orc:2    | Found a radiant altar of Vehumet.
 29634 | Orc:2    | Killed an orc warlord
 29703 | Orc:2    | Found a staircase to the Elven Halls.
 30116 | Orc:2    | Found Waurph's Jewellery Emporium.
 30144 | Orc:2    | Learned a level 4 spell: Manifold Assault
 30163 | Orc:2    | Found Sipy's General Store.
 30198 | Orc:2    | Reached skill level 10 in Translocations
 30268 | Orc:2    | Bought a scroll of magic mapping for 105 gold pieces
 30268 | Orc:2    | Bought a scroll of fog for 56 gold pieces
 30268 | Orc:2    | Bought a scroll of butterflies for 56 gold pieces
 30415 | Orc:1    | Reached skill level 10 in Hexes
 30710 | D:13     | Reached XP level 14. HP: 64/64 MP: 5/29
 31596 | D:14     | Found Nunyuguv's General Store.
 31790 | D:14     | Reached skill level 14 in Summonings
 32433 | D:15     | Entered Level 15 of the Dungeon
 32444 | D:15     | Found a runed translucent gate.
 32445 | D:15     | Found a runed translucent gate.
 32446 | D:15     | Found a runed translucent gate.
 32448 | D:15     | Noticed Assoc's ghost (adept DEFE)
 33449 | D:15     | Found a staircase to the Depths.
 33574 | D:15     | Found Woamykh's Weapon Emporium.
 33937 | Swamp:1  | Entered Level 1 of the Swamp
 33979 | Lair:3   | Learned a level 3 spell: Tukima's Dance
 34299 | Swamp:1  | Noticed a thorn hunter
 34303 | Swamp:1  | Killed a thorn hunter
 34306 | Swamp:1  | Reached XP level 15. HP: 57/69 MP: 7/31
 34322 | Swamp:1  | Slain by a bunyip

Illustrated notes

Levels and vault maps discovered:
D:1:      saegor_arrival_simple_b, layout_basic, serial_shops, shop,
          minmay_surrounded
D:2:      layout_rooms, ebering_ecumenical_altar_mist, uniq_sigmund
D:3:      layout_loops_cross, uniq_grinder
D:4:      layout_basic, kennysheep_generic_room_4
D:5:      layout_cave_pools, minmay_puff
D:6:      minmay_spotlight, layout_rooms, serial_shops, nicolae_square_shop,
          roderic_batcave, uniq_menkaure
D:7:      layout_loops_ring, grunt_temple_overflow_open,
          minmay_temple_entry_stoned_glass, nicolae_nh_oracle_at_delphi,
          uniq_prince_ribbit1
D:8:      nicolae_cairo_tiling_large, layout_basic, nicolae_wooded_promenade
D:9:      layout_basic, serial_shops, shop, serial_bayou_crossing, uniq_erolcha
D:10:     layout_irregular_city, nicolae_ashenzari_panopticon, uniq_psyche,
          uniq_josephine
D:11:     layout_layer_cave, dpeg_oklobed_lair
D:12:     layout_irregular_city, orc_0_dummy
D:13:     layout_small_grid, david_vaults_5
D:14:     layout_irregular_city, serial_shops, shop,
          minmay_misc_feat_four_crosses
D:15:     hangedman_depths_entry_civil_slaughter, layout_basic,
          gammafunk_ghost_split, chequers_serial_rivers_small_b, serial_shops,
          nicolae_shop_trees
Temple:   bh_familiar_temple
Lair:1:   layout_gridlike, serial_bayou_shore_a, grunt_megastairs_1,
          lemuel_fruit_fields
Lair:2:   layout_hall_layers, spider_nest_entry_web_field
Lair:3:   layout_hall_layers, nicolae_swamp_entry_spooky
Lair:4:   layout_roguey, disabler_island
Lair:5:   hangedman_lair_tendril_chambers, layout_gridlike, slime_entry_1,
          nicolae_lair_liquid_snakes
Swamp:1:  layout_basic_swamp, evilmike_swamp_ruin_house_5
Orc:1:    layout_diamond_mine, basic_altar, serial_shops, nicolae_shop_crystal,
          kennysheep_orc_chapel
Orc:2:    grunt_orc_gardens, layout_caves, grunt_orc_garden, grunt_orc_garden,
          grunt_orc_garden, grunt_orc_garden, basic_altar, uniq_maurice

Skill      XL: |  1  2  3  4  5  6  7  8  9 10 11 12 13 14 |
---------------+-------------------------------------------+-----
Summonings     | 5 6 7 8 11 10 12 13 14 | 14.5
Hexes          | 1 3 4 5 6 7 10 | 10.0
Spellcasting   | 3 4 5 6 7 8 10 11 | 11.4
Fighting       | 1 3 4 5 7 9 |  9.8
Dodging        | 3 5 6 9 10 12 | 12.8
Unarmed Combat | 1 2 3 4 5 7 8 9 |  9.7
Air Magic      | 1 2 4 5 8 9 10 | 10.0
Translocations | 1 3 5 6 7 10 11 | 11.3
Evocations     | 3 4 5 |  5.0
Stealth        | |  2.6

Action                     |  1- 3 |  4- 6 |  7- 9 | 10-12 | 13-15 || total
---------------------------+-------+-------+-------+-------+-------++-------
  Melee: Unarmed           |    18 |     8 |     8 |    32 |    22 ||    88
         Bite              |     3 |       |     1 |     7 |     5 ||    16
         Punch             |       |       |     1 |     3 |     3 ||     7
   Cast: Summon Small Mamm |    50 |    10 |    13 |       |       ||    73
         Call Imp          |    17 |    15 |    22 |     4 |       ||    58
         Call Canine Famil |     2 |    21 |    40 |    75 |    48 ||   186
         Summon Guardian G |       |     9 |    43 |    79 |    35 ||   166
         Summon Lightning  |       |       |    23 |   105 |   124 ||   252
         Summon Mana Viper |       |       |       |    48 |    74 ||   122
         Summon Ice Beast  |       |       |       |    41 |    56 ||    97
         Blink             |       |       |       |    12 |     7 ||    19
         Monstrous Menager |       |       |       |       |   103 ||   103
 Invoke: Call Merchant     |       |       |       |     1 |     2 ||     3
  Evoke: Wand              |       |       |     2 |     6 |    18 ||    26
         Phantom mirror    |       |       |       |     1 |     2 ||     3
    Use: Scroll            |       |     3 |     2 |    15 |     8 ||    28
         Potion            |       |       |     1 |     2 |     9 ||    12
   Stab: Distracted        |     2 |     1 |       |       |       ||     3
         Paralysed         |       |       |       |     2 |     1 ||     3
         Invisible         |       |       |       |       |     1 ||     1
 Armour: Skin              |       |     1 |     6 |     3 |       ||    10
  Dodge: Dodged            |    28 |    11 |    55 |    65 |    90 ||   249

Table legend: (Time is in decaauts)
 A = Elapsed time spent in this place.
 B = Non-inter-level travel time spent in this place.
 C = Inter-level travel time spent in this place.
 D = Time resting spent in this place.
 E = Time spent auto-exploring this place.
 F = Levels seen in this place.
 G = Mean time per level.
                   A        B        C        D        E       F      G
               +--------+--------+--------+--------+--------+-----+--------+
         Total |  31105 |  29869 |   1236 |   1771 |  22740 |  24 | 1296.0 |
       Dungeon |  17307 |  16583 |    724 |    531 |  12807 |  15 | 1153.8 |
        Temple |    186 |    153 |     33 |      0 |    146 |   1 |  186.0 |
          Lair |  11432 |  11073 |    359 |   1066 |   8547 |   5 | 2286.4 |
         Swamp |    356 |    356 |      0 |      0 |    223 |   1 |  356.0 |
  Orcish Mines |   1822 |   1705 |    117 |    174 |   1016 |   2 |  911.0 |
               +--------+--------+--------+--------+--------+-----+--------+

Top non-repeatable levels by time:
  Lair:5: 4285 daAuts
  Lair:1: 1881 daAuts
  Lair:3: 1769 daAuts
  Lair:4: 1760 daAuts
  Lair:2: 1736 daAuts
    D:11: 1684 daAuts
     D:9: 1498 daAuts
     D:8: 1446 daAuts
     D:7: 1409 daAuts
     D:4: 1262 daAuts
     D:1: 1255 daAuts
    D:15: 1157 daAuts
     D:3: 1098 daAuts
    D:10: 1081 daAuts
     D:6: 1048 daAuts
